Description

This is a macro build in PvZ focused on air units. Pretty easy to do and works well on map with easy third base to take. You open with a gate expand then you go on a classic air-style : Phoenix and oracle for defense and as soon as you kill overlord, you start going on a mass Air army : Carriers and void ray.

  • Open with a gate expand - Stargate : Start with 1 adept (you can chrono him), Stargate then warpgate + second adept
  • If you see the overlord scouting your tech : Phenix first, otherwise oracle
  • After cleaning overlord, go for Fleet beacon and add another Stargate
  • Add your third around 4,30 then follow this simple rule : 1 more base = 1 more Stargate : 3 base = 3 Stargate for example
  • Do a mass Carrier and scout as regularly as you can. If you scout a air response (you scout a spire) => Do void ray instead of Carriers, if you scout an hydra tech => Do more and more Carriers
  • Around 7min, start your Mothership (as soon as you are able to keep some gas for it)
  • Don't forget upgrades (go for attack upgrade first)
  • Add robo and storm tech around 10,30min : Usefull to counter infestors
  • When you reach 150/200 (you can start adding void ray instead of mass Carrier, you need around 8 Carrier and void ray for other unit + 4 HT and Mothership)

Why using void ray and Carrier ?

  • Carriers are amazing against almost all zerg units but can be counter by corruptors
  • Void ray are INSANE against corruptors
  • Storm is amazing against stacked army like corruptors and hydralisks

(VOD is in French)

VOD

https://www.youtube.com/watch?v=iZHLu-KQ_mE

Replay - zuka - PvZ skytoss

Build Order

Get SALT Encoding   

  12  0:01  Probe  
  13  0:13  Probe  
  14  0:21  Pylon  
  14  0:25  Probe (Chrono Boost)  
  15  0:39  Probe (Chrono Boost)  
  15  0:42  Gateway  
  16  0:46  Probe  
  16  0:48  Assimilator  
  17  0:58  Probe (Chrono Boost)  
  18  1:10  Probe (Chrono Boost)  
  19  1:18  Probe (Chrono Boost)  
  20  1:30  Nexus  
  20  1:39  Cybernetics Core  
  20  1:44  Probe  
  21  1:47  Assimilator  
  21  1:55  Pylon  
  21  1:56  Probe  
  23  2:15  Adept  
  25  2:22  Stargate  
  26  2:33  Warp Gate  
  29  2:44  Adept  
  32  2:58  Assimilator  
  33  3:05  Phoenix (Chrono Boost)  
  39  3:23  Oracle  
  43  3:28  Pylon  
  43  3:33  Assimilator  
  45  3:43  Gateway  
  45  3:47  Stargate  
  51  4:11  Fleet Beacon  
  54  4:38  Nexus  
  54  4:41  Pylon  
  56  5:03  Carrier (Chrono Boost)  
  62  5:11  Pylon  
  62  5:12  Graviton Catapult  
  62  5:25  Carrier (Chrono Boost)  
  70  5:36  Protoss Air Weapons Level 1  
  72  5:50  Shield Battery  
  73  6:00  Stargate  
  75  6:05  Assimilator  
  75  6:11  Assimilator  
  76  6:15  Carrier (Chrono Boost)  
  95  6:41  Carrier x2 (Chrono Boost)  
  103  6:59  Mothership (Chrono Boost)  
  117  7:32  Protoss Air Weapons Level 2  
  117  7:33  Carrier (Chrono Boost)  
  117  7:44  Nexus  
  114  7:55  Shield Battery x2  
  114  7:56  Carrier (Chrono Boost)  
  114  8:04  Carrier (Chrono Boost)  
  126  8:10  Cybernetics Core  
  126  8:20  Shield Battery x3  
  126  8:25  Stargate  
  126  8:26  Assimilator x2  
  126  8:50  Carrier (Chrono Boost)  
  132  8:59  Twilight Council  
  132  9:05  Carrier (Chrono Boost)  
  144  9:21  Void Ray (Chrono Boost)  
  149  9:36  Forge  
  149  9:38  Templar Archives  
  149  9:54  Void Ray x2 (Chrono Boost)  
  149  9:58  Protoss Air Weapons Level 3 (Chrono Boost)  
Spawning Tool Build Advisor. Get it on Overwolf

Go to:

Details

  • Created by: zuka      
  • Published on: May 03, 2018
  • Modified on: May 04, 2018
  • Patch: 4.0.0
  • Difficulty: Easy
Show
View Real Time Build Order
Export as new Build Order

Comments (0)

There are no comments. Be the first!

Create an account to comment!